 Dungeon Crawl Stone Soup version 0.16-a0-967-g37ceb3c (webtiles) character file.

893 Hodglim the Magician (level 7, -6/36 HPs)
             Began as a Deep Elf Fire Elementalist on Oct 2, 2014.
             Killed by nerve-wracking pain
             ... invoked by an orc priest
              (8 damage)
             ... on Level 4 of the Dungeon.
             The game lasted 00:28:35 (4065 turns).

Hodglim the Magician (Deep Elf Fire Elementalist)   Turns: 4065, Time: 00:28:35

HP  -6/36        AC  7     Str  5      XL: 7   Next: 78%
MP  19/34        EV 13     Int 22      God:
Gold 283         SH  0     Dex 15      Spells:  4 memorised,  7 levels left

rFire  . . .     SeeInvis .     k - +1 hammer (drain)
rCold  + . .     Clarity  .     w - +2 robe {rC+}
rNeg   . . .     rCorr    .     (no shield)
rPois  .         rRot     .     (no helmet)
rElec  .         Spirit   .     h - +0 cloak
SustAb .         Warding  .     p - +1 pair of gloves
rMut   .         Stasis   .     (no boots)
Gourm  .                        (no amulet)
MR     .....                    (no ring)
                                r - ring of magical power

@: not resistant to hostile enchantments, unstealthy
A: no striking features
a: no special abilities


You were on level 4 of the Dungeon.
You were hungry.

You visited 1 branch of the dungeon, and saw 4 of its levels.

You collected 283 gold pieces.

Inventory:

Hand weapons
 d - a +0 dagger
 k - a +1 hammer of draining (weapon)
Armour
 h - a +0 cloak (worn)
 p - a +1 pair of gloves (worn)
 w - a +2 robe of cold resistance (worn)
Magical devices
 v - a wand of flame (14) {unknown}
Comestibles
 c - 3 bread rations
 f - a beef jerky
 l - a royal jelly
 n - a meat ration
 z - a rotting chunk of orc flesh
Scrolls
 a - a scroll of immolation {unknown}
 g - 2 scrolls of magic mapping
 j - 2 scrolls of identify
 o - a scroll of recharging
 t - a scroll of teleportation {unknown}
 u - a scroll of remove curse
 x - a scroll of enchant armour {unknown}
Jewellery
 r - a ring of magical power (left hand)
Potions
 e - a potion of restore abilities
 i - a potion of beneficial mutation {unknown}
 m - a potion of invisibility {unknown}
 q - a potion of cure mutation {unknown}
Books
 b - a book of Flames

   Spells                             Type                      Level
   *Flame Tongue                      Conjuration/Fire             1
   Throw Flame                        Conjuration/Fire             2
   *Conjure Flame                     Conjuration/Fire             3
   Inner Flame                        Hexes/Fire                   3
   *Sticky Flame                      Conjuration/Fire             4
   *Fireball                          Conjuration/Fire             5


   Skills:
 - Level 2.4 Dodging
 - Level 2.4 Stealth
 + Level 7.4 Spellcasting
 + Level 5.5 Conjurations
 + Level 6.5 Fire Magic


You had 7 spell levels left.
You knew the following spells:

 Your Spells              Type           Power        Failure   Level  Hunger
a - Flame Tongue          Conj/Fire      ####.        1%          1    None
b - Sticky Flame          Conj/Fire      ####....     10%         4    ###....
c - Conjure Flame         Conj/Fire      ####....     1%          3    None
d - Fireball              Conj/Fire      ####......   21%         5    ####...


Dungeon Overview and Level Annotations

Branches:
Dungeon (4/15)
 Temple: D:4-7

Altars:
Zin


Message History

Confirm with . or Enter, or press ? or * to list all spells.
Okay, then.
Casting: Fireball
Confirm with . or Enter, or press ? or * to list all spells.
Aiming: Fireball
Press: ? - help, Shift-Dir - straight line The fireball explodes!
The fireball engulfs the orc wizard.
The orc wizard is almost dead.
The fireball engulfs the orc priest.
You kill the orc priest!
Casting: Fireball
Confirm with . or Enter, or press ? or * to list all spells.
Aiming: Flame Tongue
Press: ? - help, Shift-Dir - straight line, f - orc warrior
Aim: an orc warrior, wielding a dire flail and wearing a chain mail (almost dead)
The flame tongue hits the orc warrior.
You kill the orc warrior!
The orc priest calls down the wrath of Beogh upon you.
Pain shoots through your body!
You die...

.#.............#
.#.............#
.'.............#
.#..........>..#
#########......#
..# #......# ..#
#......######## ..#
#.............# .##
#.......@....o####
..#
#######....).......
..# #.l.o........
### #............
#..(....)...
#...........
...........).
.............
...........


You could see an orc priest, an orc wizard and a giant newt.

Vanquished Creatures
  A sky beast (D:4)
  An ogre (D:4)
  2 orc warriors (D:4)
  Sigmund (D:4)
  Duvessa (D:4)
  Dowan (D:4)
  Crazy Yiuf (D:2)
  2 orc priests (D:4)
  2 worker ants
  3 gnolls (D:3)
  6 adders
  2 giant mites
  2 worms
  An ooze (D:1)
  7 orcs
  2 ball pythons
  8 bats
  4 giant cockroaches
  11 hobgoblins
  19 jackals
  6 kobolds
  4 giant geckos
  5 giant newts
  A giant newt skeleton (D:4)
  8 goblins
  6 rats
  A fungus (D:2)
108 creatures vanquished.

Notes
Turn   | Place    | Note
--------------------------------------------------------------
     0 | D:1      | Hodglim, the Deep Elf Fire Elementalist, began the quest for the Orb.
     0 | D:1      | Reached XP level 1. HP: 10/10 MP: 5/5
   183 | D:1      | Reached XP level 2. HP: 15/15 MP: 0/8
  1108 | D:2      | Reached XP level 3. HP: 17/19 MP: 8/11
  1287 | D:2      | Reached skill level 4 in Fire Magic
  1736 | D:2      | Reached XP level 4. HP: 24/24 MP: 12/15
  1742 | D:2      | Learned a level 4 spell: Sticky Flame
  1746 | D:2      | Learned a level 3 spell: Conjure Flame
  2309 | D:2      | Noticed Crazy Yiuf
  2319 | D:2      | Killed Crazy Yiuf
  2431 | D:3      | Found a glowing silver altar of Zin.
  2599 | D:3      | Reached XP level 5. HP: 28/28 MP: 18/18
  2606 | D:3      | Learned a level 5 spell: Fireball
  2678 | D:3      | Reached skill level 5 in Spellcasting
  3292 | D:4      | Noticed an ogre
  3303 | D:4      | Noticed a sky beast
  3304 | D:4      | Killed an ogre
  3304 | D:4      | Reached skill level 5 in Fire Magic
  3304 | D:4      | Reached XP level 6. HP: 32/32 MP: 21/21
  3311 | D:4      | Killed a sky beast
  3486 | D:4      | Reached skill level 6 in Spellcasting
  3513 | D:4      | Noticed Sigmund
  3518 | D:4      | Killed Sigmund
  3645 | D:4      | Reached XP level 7. HP: 32/36 MP: 24/24
  3751 | D:4      | Noticed Duvessa
  3753 | D:4      | Noticed Dowan
  3763 | D:4      | Killed Duvessa
  3763 | D:4      | Reached skill level 5 in Conjurations
  3769 | D:4      | Killed Dowan
  3875 | D:4      | Reached skill level 7 in Spellcasting
  4059 | D:4      | Noticed an orc warrior
  4064 | D:4      | Killed an orc warrior
  4065 | D:4      | Killed from afar by an orc priest

Action                   |  1- 3 |  4- 6 |  7- 9 || total
-------------------------+-------+-------+-------++-------
Melee: Short sword       |       |    18 |       ||    18
 Cast: Flame Tongue      |    72 |   109 |    15 ||   196
       Conjure Flame     |       |     1 |       ||     1
       Sticky Flame      |       |     4 |     3 ||     7
       Fireball          |       |       |     3 ||     3
  Use: Scroll            |     6 |     2 |       ||     8
       Potion            |     3 |       |       ||     3
  Eat: Chunk             |     2 |     6 |     2 ||    10
